 Dungeon Crawl Stone Soup version 0.32-a0-961-gd60f5e5fc7 (webtiles) character file.

Game seed: 13317545494926825393

1120 smashvw the Shooter (level 8, -22/68 HPs)
             Began as a Purple Draconian Hunter on Apr 17, 2024.
             Was an Initiate of Hepliaklqana.
             Annihilated by an ogre
             ... wielding a +0 giant club
              (28 damage)
             ... on level 6 of the Dungeon.
             The game lasted 00:10:25 (4726 turns).

smashvw the Shooter (Purple Draconian Hunter)       Turns: 4726, Time: 00:10:25

Health: -22/68     AC:  8    Str: 13    XL:     8   Next: 12%
Magic:  8/8        EV: 13    Int: 10    God:    Hepliaklqana [......]
Gold:   222        SH:  0    Dex: 17    Spells: 7/7 levels left

rFire   . . .        a - +0 shortbow
rCold   . . .        (shield currently unavailable)
rNeg    . . .        (body armour unavailable)
rPois   .            (helmet restricted)
rElec   .            g - +1 cloak
rCorr   .            (no gloves)
SInv    .            (no boots)
Will    +....        (no amulet)
Stlth   ++           (no ring)
HPRegen 0.31/turn    (no ring)
MPRegen 0.11/turn

%: no passive effects
@: no status effects
A: nullifying breath, AC +6, unfitting armour, cold-blooded
a: Nullifying Breath, Renounce Religion


You were on level 6 of the Dungeon.
You worshipped Hepliaklqana.
Hepliaklqana was noncommittal.
You visited 2 branches of the dungeon, and saw 7 of its levels.

You collected 222 gold pieces.

Inventory:

Hand Weapons
 a - a +0 shortbow (weapon)
Armour
 g - a +1 cloak (worn)
Jewellery
 c - an amulet of faith
Wands
 t - a wand of polymorph (8)
Scrolls
 b - a scroll of butterflies
 e - 6 scrolls of identify {unknown}
 j - a scroll of noise {unknown}
 n - 2 scrolls of poison {unknown}
 o - a scroll of enchant weapon {unknown}
 p - a scroll of amnesia {unknown}
 r - a scroll of vulnerability {unknown}
 s - a scroll of brand weapon {unknown}
Potions
 d - 3 potions of haste {unknown}
 f - 2 potions of berserk rage {unknown}
 h - a potion of resistance {unknown}
 i - 2 potions of might {unknown}
 k - 2 potions of cancellation {unknown}
 l - 2 potions of lignification {unknown}
 m - a potion of curing {unknown}
 q - a potion of brilliance {unknown}


   Skills:
 - Level 5.0 Fighting
 + Level 7.7 Ranged Weapons
 - Level 4.0 Dodging
 - Level 2.0 Stealth


You had 7 spell levels left.
You didn't know any spells.
Your spell library contained the following spells:

 Spells                   Type           Power      Damage    Failure   Level
 Blink                    Tloc           0%         N/A       50%         2
 Lesser Beckoning         Tloc           0%         N/A       50%         2
 Momentum Strike          Conj/Tloc      0%         3d8       50%         2
 Call Canine Familiar     Summ           0%         N/A       75%         3
 Sigil of Binding         Hex            0%         N/A       75%         3
 Volatile Blastmotes      Fire/Tloc      0%         2d10      75%         3
 Dimensional Bullseye     Hex/Tloc       0%         N/A       98%         4
 Vhi's Electric Charge    Tloc/Air       0%         N/A       98%         4
 Gell's Gavotte           Tloc           0%         2d(11-16) 100%        6
 Malign Gateway           Summ/Tloc      0%         N/A       100%        7
 Summon Horrible Things   Summ           0%         N/A       100%        8


Dungeon Overview and Level Annotations

Branches:
Dungeon (6/15)             Temple (1/1) D:6

Altars:
Ashenzari
Cheibriados
Elyvilon
Fedhas
Gozag
Hepliaklqana
Nemelex Xobeh
Okawaru
Qazlal
Ru
Sif Muna
Uskayaw
Wu Jian
Yredelemnul
Lugonu

Shops:
D:1 [   D:4 *


Innate Abilities, Weirdness & Mutations

You can breathe blasts of antimagic.
Your rich purple scales are hard. (AC +6)
You cannot fit into any form of body armour.
You are cold-blooded and may be slowed by cold attacks.


Message History

You shoot an arrow. The arrow completely misses the ogre.
You shoot an arrow. The arrow hits the ogre.
The ogre is lightly wounded.
The ogre closely misses you.
You shoot an arrow. The arrow hits the ogre.
The ogre is lightly wounded.
The ogre misses you.
You shoot an arrow. The arrow hits the ogre!
The ogre is moderately wounded.
You shoot an arrow. The arrow hits the ogre.
The ogre is heavily wounded.
The ogre hits you with a +0 giant club!!
You shoot an arrow. The arrow barely misses the ogre.
The ogre completely misses you.
You shoot an arrow. The arrow barely misses the ogre.
You shoot an arrow. The arrow hits the ogre.
The ogre is heavily wounded.
The ogre barely misses you.
You shoot an arrow.
The arrow hits the ogre but does no damage.
The ogre is heavily wounded.
The ogre hits you with a +0 giant club!!
* * * LOW HITPOINT WARNING * * *
You are too injured to fight recklessly!
You are too injured to fight recklessly!
You are too injured to fight recklessly!
You shoot an arrow. The arrow hits the ogre.
The ogre is severely wounded.
You shoot an arrow. The arrow hits the ogre.
The ogre is severely wounded.
The ogre barely misses you.
You shoot an arrow. The arrow hits the ogre.
The ogre is severely wounded.
The ogre hits you with a +0 giant club!
* * * LOW HITPOINT WARNING * * *
You shoot an arrow. The arrow barely misses the ogre.
You shoot an arrow. The arrow barely misses the ogre.
The ogre hits you with a +0 giant club!!
You die...
Hepliaklqana delivers you to your ancestors.

.##÷......#.....#
..........#.....#
..........#.....#
....[.....#.....#
.##......>#.....#
.##.......#.....#
.#........'.....#
.#........#.....######
.#........#.....@....#
##.......#.....#O...#
#.......#.....#....#
........#.....#....#
........#.....#....#
..............#....#
######..#..$.# ß?[
##.#....#


You could see an ogre.

Vanquished Creatures
  A yak (D:5)
  A black bear (D:6)
  A centaur (D:5)
  A kobold brigand (D:6)
  Blork the orc (D:6)
  A bullfrog (D:6)
  2 scorpions
  A bombardier beetle (D:3)
  2 hounds (D:4)
  A jelly (D:5)
  2 orc priests
  5 iguanas
  8 adders
  A white imp (D:6)
  A ribbon worm (D:5)
  12 orcs
  11 endoplasms
  2 giant cockroaches
  9 hobgoblins
  2 jackals (D:3)
  12 kobolds
  6 quokkas
  4 ball pythons
  6 bats
  3 frilled lizards
  12 goblins
  6 rats (D:1)
114 creatures vanquished.

Vanquished Creatures (others)
  An endoplasm (D:4)
1 creature vanquished.

Grand Total: 115 creatures vanquished

Notes
Turn   | Place    | Note
-------+----------+-------------------------------------------
     0 | D:1      | smashvw the Draconian Hunter began the quest for the Orb.
     0 | D:1      | Reached XP level 1. HP: 17/17 MP: 1/1
    13 | D:1      | Reached skill level 1 in Stealth
    81 | D:1      | Reached XP level 2. HP: 24/24 MP: 2/2
   343 | D:1      | Found Xonumoar's Armour Boutique.
   628 | D:1      | Reached XP level 3. HP: 30/30 MP: 3/3
   818 | D:2      | Found a white marble altar of Elyvilon.
   963 | D:2      | Identified the +1 robe of the Red Skies {Dex+4}
  1009 | D:2      | Reached skill level 4 in Ranged Weapons
  1148 | D:2      | Reached XP level 4. HP: 38/38 MP: 4/4
  1267 | D:2      | Identified the +9 rapier of Circular Logic {flame, rC+
                  | Str+5}
  1424 | D:2      | Found a faded altar of an unknown god.
  1903 | D:3      | Found an opulent altar of Gozag.
  2231 | D:4      | Found Howuorghu's Serpentskin Sales.
  2241 | D:4      | Reached XP level 5. HP: 46/46 MP: 5/5
  2275 | D:4      | Found a stormy altar of Qazlal.
  2350 | D:4      | Reached skill level 5 in Ranged Weapons
  2562 | D:4      | Reached XP level 6. HP: 52/52 MP: 6/6
  2626 | D:4      | Found a sacrificial altar of Ru.
  2822 | D:4      | Found a blossoming altar of Fedhas.
  2981 | D:5      | Entered Level 5 of the Dungeon
  3020 | D:5      | Reached skill level 6 in Ranged Weapons
  3711 | D:6      | Found a staircase to the Ecumenical Temple.
  3752 | D:6      | Your scales start taking on a rich purple colour.
  3752 | D:6      | Reached XP level 7. HP: 10/59 MP: 7/7
  3762 | Temple   | Entered the Ecumenical Temple
  3937 | Temple   | Became a worshipper of Hepliaklqana the Forgotten
  4016 | D:6      | Reached skill level 7 in Ranged Weapons
  4198 | D:6      | Reached skill level 5 in Fighting
  4455 | D:6      | Noticed Blork the orc
  4472 | D:6      | Killed Blork the orc
  4504 | D:6      | Noticed a yak
  4507 | D:6      | Noticed a yak
  4508 | D:6      | Noticed a yak
  4510 | D:6      | Noticed a yak
  4531 | D:5      | Killed a yak
  4532 | D:5      | Reached XP level 8. HP: 25/68 MP: 8/8
  4726 | D:6      | Annihilated by an ogre

Illustrated notes

Levels and vault maps discovered:
D:1:      ncdulo_watergridlock, layout_basic, serial_shops, shop
D:2:      minmay_evil_eye, layout_loops_ring,
          shapermc_ecumenical_altar_mp_vishouse, basic_altar
D:3:      layout_rooms, nicolae_gozag_cash_rules_everything_around_me
D:4:      layout_loops_ring, fedhas_altar_decomposition,
          nicolae_ru_great_annihilating_truth, grunt_qazlal_clouds,
          guppyfry_shop_venom
D:5:      layout_basic
D:6:      layout_gridville, lemuel_crystal_altar, kennysheep_little_box,
          minmay_temple_entry_stoned_glass, minmay_hollow_rounded_squares,
          uniq_grinder, uniq_blork_the_orc
Temple:   corrupted_temple

Skill      XL: |  1  2  3  4  5  6  7 |
---------------+----------------------+-----
Stealth        | 2 |  2.0
Dodging        | 2 3 4 |  4.0
Ranged Weapons | 4 5 6 7 |  7.7
Fighting       | 3 4 5 |  5.0

Action                     |  1- 3 |  4- 6 |  7- 9 || total
---------------------------+-------+-------+-------++-------
   Fire: Shortbow          |   130 |   212 |   142 ||   484
 Armour: Skin              |    31 |    71 |    55 ||   157
  Dodge: Dodged            |    30 |    79 |    48 ||   157

Table legend: (Time is in decaauts)
 A = Elapsed time spent in this place.
 B = Non-inter-level travel time spent in this place.
 C = Inter-level travel time spent in this place.
 D = Time resting spent in this place.
 E = Time spent auto-exploring this place.
 F = Levels seen in this place.
 G = Mean time per level.
                   A        B        C        D        E       F      G
               +--------+--------+--------+--------+--------+-----+--------+
         Total |   4786 |   4639 |    147 |    303 |   3544 |   7 |  683.7 |
       Dungeon |   4600 |   4463 |    137 |    139 |   3544 |   6 |  766.7 |
        Temple |    186 |    176 |     10 |    164 |      0 |   1 |  186.0 |
               +--------+--------+--------+--------+--------+-----+--------+

Top non-repeatable levels by time:
     D:5: 893 daAuts
     D:2: 851 daAuts
     D:4: 800 daAuts
     D:1: 759 daAuts
     D:6: 679 daAuts
     D:3: 614 daAuts
  Temple: 186 daAuts
